 Dungeon Crawl Stone Soup version bcrawl-1.19.1 (webtiles) character file.

Game seed: 10293050565473017097

46 Mrkan the Ruffian (level 3, -3/36 HPs)
             Began as a Troll Monk on Nov 26, 2019.
             Slain by Sigmund
             ... wielding a cursed -3 scythe
              (4 damage)
             ... on level 2 of the Dungeon.
             The game lasted 00:02:12 (1342 turns).

Mrkan the Ruffian (Troll Monk)                      Turns: 1342, Time: 00:02:12

Health: -3/36      AC:  5    Str: 19    XL:     3   Next: 44%
Magic:  0/3        EV: 10    Int:  8    God:
Gold:   73         SH:  0    Dex: 12    Spells: 2/2 levels left

rFire    . . .     SeeInvis .     - Unarmed
rCold    . . .     Gourm    +   (no shield)
rNeg     . . .     Faith    .   (armour unavailable)
rPois    .         Spirit   +   a - +0 hat
rElec    .         Reflect  .   (no cloak)
rCorr    .         Harm     .   (gloves unavailable)
MR       .....                  (boots unavailable)
Stlth    ++........             b - amulet of guardian spirit
HPRegen  0.12/turn              (no ring)
MPRegen  0.08/turn              (no ring)

@: swift, flying, very quick
A: large, almost no armour, unfitting armour, claws 3, fast metabolism 3,
gourmand, AC +5
a: no special abilities


You were on level 2 of the Dungeon.
You were very full.

You visited 1 branch of the dungeon, and saw 2 of its levels.

You collected 73 gold pieces.

Inventory:

Armour
 a - a +0 hat (worn)
Jewellery
 b - an amulet of guardian spirit (around neck)
 g - an uncursed ring of fire {unknown}
Scrolls
 d - a scroll of amnesia {unknown}
 e - a scroll of identify {unknown}
 h - a scroll of teleportation {unknown}
Potions
 i - a potion of berserk rage {unknown}
 j - a potion of curing {unknown}
Comestibles
 c - 4 rations {!d}
 k - 2 chunks of flesh


   Skills:
 + Level 2.9 Fighting
 - Level 2.4 Dodging
 - Level 1.1 Stealth
 * Level 4.1 Unarmed Combat
   Level 2.0 Invocations


You had 2 spell levels left.
You didn't know any spells.
Your spell library was empty.

Dungeon Overview and Level Annotations

Branches:
Dungeon (2/12)

Altars:

Annotations:
D:2 Sigmund, Terence


Innate Abilities, Weirdness & Mutations

You cannot wear most types of armour.
Your thick skin is tough. (AC +5)
You are too large for most types of armour.
You have claws for hands.
Your metabolism is lightning-fast.
You like to eat raw meat.


Message History

You scratch the rat.
The rat is moderately wounded.
The rat bites you but does no damage.
You scratch the rat but do no damage.
The rat is moderately wounded.
Something hits you. The rat barely misses you.
You scratch the rat.
You kill the rat!
Something hits you.
You scratch something. Something hits you.
You closely miss something. You claw something! Something hits you!
* * * LOW HITPOINT WARNING * * *
You barely miss something. Something hits you.
* * * LOW HITPOINT WARNING * * *
You claw something!
It was a potion of flight.
You feel very buoyant.
You fly up into the air.
Something hits you.
You die...

#††...... #
###.#...... #.##...#
##### #......#
####...# ######..#...#
#.......#.#@#.#
#.......#.#{#.#
######.......#.#@#.#
#............#.....#
#.####......##.....#
#.# #.............#
#.# #......###....#
#.# ##............###
#.# #.#######.)....#
#.#
#.#..........#.#######
#.#
#.#.########.#.......#


You could see Terence.

Vanquished Creatures
  A dart slug (D:1)
  5 leopard geckos
  An orc (D:2)
  2 ball pythons
  2 giant cockroaches (D:2)
  3 goblins (D:1)
  3 hobgoblins (D:1)
  6 jackals
  5 bats (D:1)
  A frilled lizard (D:1)
  2 kobolds
  3 rats
34 creatures vanquished.

Notes
Turn   | Place    | Note
-------+----------+-------------------------------------------
     0 | D:1      | Mrkan the Troll Monk began the quest for the Orb.
     0 | D:1      | Reached XP level 1. HP: 22/22 MP: 1/1
   164 | D:1      | Reached XP level 2. HP: 29/29 MP: 2/2
   565 | D:1      | Reached XP level 3. HP: 36/36 MP: 3/3
  1112 | D:2      | Reached skill level 4 in Unarmed Combat
  1308 | D:2      | Noticed Terence
  1311 | D:2      | Noticed Sigmund
  1340 | D:2      | HP: 1/36 [something (4)]
  1342 | D:2      | Slain by Sigmund

Skill      XL: |  1  2  3 |
---------------+----------+-----
Unarmed Combat | 4 |  4.1
Fighting       | |  2.9
Dodging        | |  2.4
Stealth        | |  1.1
Invocations    | |  2.0

Action                   || total
-------------------------++-------
Melee: Unarmed           ||    78
  Use: Potion            ||     1
 Stab: Sleeping          ||     2
  Eat: Chunk             ||    13
Armor: Skin              ||    31
Dodge: Dodged            ||    62
